[Event "VIII Lorca Open-A 2019"]
[Site "Lorca"]
[Date "2019.12.29"]
[Round "6.10"]
[White "Mingarro Carceller, Sergi"]
[Black "Maiorov, Nikita"]
[Result "0-1"]
[ECO "C45"]
[WhiteElo "2359"]
[BlackElo "2523"]
[Annotator "ChessBase"]
[PlyCount "48"]
[EventDate "2019.12.26"]
[EventType "swiss"]
[EventCountry "ESP"]
[SourceTitle "playchess.com"]
[Source "ChessBase"]
[SourceQuality "1"]
[TimeControl "5400+30"]

1. e4 e5 2. Nf3 Nc6 3. d4 exd4 4. Nxd4 Bc5 5. Nb3 Bb6 6. Qe2 a5 7. a4 Nge7 8. Be3 Bxe3 9. Qxe3 O-O 10. Nc3 f5 11. O-O-O f4 12. Qd2 d6 13. h4 Ne5 14. f3 Rf6 15. h5 Bd7 16. Rh4 Qf8 17. Be2 Qf7 18. g3 g5 19. hxg6 N7xg6 20. Nd5 Nxh4 21. Nxf6+ Qxf6 22. gxh4 Bxa4 23. Qd5+ Qf7 24. Qxb7 Bc6 0-1

[Event "VIII Lorca Open-A 2019"]
[Site "Lorca"]
[Date "2019.12.29"]
[Round "6.11"]
[White "Sosa, Tomas"]
[Black "Kiselev, Pavel"]
[Result "1/2-1/2"]
[ECO "B82"]
[WhiteElo "2520"]
[BlackElo "2303"]
[Annotator "ChessBase"]
[PlyCount "90"]
[EventDate "2019.12.26"]
[EventType "swiss"]
[EventCountry "ESP"]
[SourceTitle "playchess.com"]
[Source "ChessBase"]
[SourceQuality "1"]
[TimeControl "5400+30"]

1. e4 c5 2. Nf3 e6 3. d4 cxd4 4. Nxd4 Nc6 5. Nc3 Qc7 6. Be3 Nf6 7. f4 d6 8. Qf3 Be7 9. O-O-O O-O 10. Ndb5 Qb8 11. g4 a6 12. Nd4 Nxd4 13. Bxd4 e5 14. g5 Bg4 15. Qg3 exd4 16. gxf6 dxc3 17. h3 Bxf6 18. hxg4 Qc7 19. g5 cxb2+ 20. Kb1 Rfc8 21. Qh2 Bc3 22. Qxh7+ Kf8 23. e5 dxe5 24. Bc4 Qxc4 25. Rd7 Ke8 26. Rxb7 Rc7 27. Rxc7 Qxc7 28. Qg8+ Ke7 29. Qxa8 exf4 30. Qxa6 g6 31. Qa3+ Ke6 32. Rh3 Be5 33. Qd3 Qe7 34. Qc4+ Kf5 35. Rh7 Kxg5 36. Rxf7 Qd6 37. Qe2 Qd5 38. Rh7 f3 39. Qe3+ Kf5 40. Rh1 Qe4 41. Qd2 g5 42. Qd7+ Kf4 43. Qd2+ Kf5 44. Qd7+ Kf4 45. Qd2+ Kf5 1/2-1/2

[Event "VIII Lorca Open-A 2019"]
[Site "Lorca"]
[Date "2019.12.29"]
[Round "6.12"]
[White "Barbero Sendic, Alejandro"]
[Black "Holm, Kristian Stuvik"]
[Result "1/2-1/2"]
[ECO "B31"]
[WhiteElo "2336"]
[BlackElo "2489"]
[Annotator "ChessBase"]
[PlyCount "54"]
[EventDate "2019.12.26"]
[EventType "swiss"]
[EventCountry "ESP"]
[SourceTitle "playchess.com"]
[Source "ChessBase"]
[SourceQuality "1"]
[TimeControl "5400+30"]

1. e4 c5 2. Nf3 Nc6 3. Bb5 g6 4. O-O Bg7 5. Nc3 e5 6. a3 Nge7 7. b4 d6 8. bxc5 dxc5 9. Bc4 O-O 10. d3 h6 11. Rb1 b6 12. Nd5 Qd6 13. Bd2 Be6 14. Ne3 Rab8 15. Re1 Rfd8 16. h3 Bxc4 17. Nxc4 Qe6 18. a4 Kh7 19. Rb5 Nc8 20. Qb1 Nd6 21. Nxd6 Rxd6 22. Bc3 c4 23. a5 cxd3 24. cxd3 Rbd8 25. axb6 Rxd3 26. Ba1 axb6 27. Rxb6 R3d6 1/2-1/2

[Event "VIII Lorca Open-A 2019"]
[Site "Lorca"]
[Date "2019.12.29"]
[Round "6.13"]
[White "Peng, Li Min"]
[Black "Alonso Garcia, Aaron"]
[Result "*"]
[ECO "A28"]
[WhiteElo "2451"]
[BlackElo "2258"]
[Annotator "ChessBase"]
[PlyCount "34"]
[EventDate "2019.12.26"]
[EventType "swiss"]
[EventCountry "ESP"]
[SourceTitle "playchess.com"]
[Source "ChessBase"]
[SourceQuality "1"]
[TimeControl "5400+30"]

1. c4 e5 2. Nc3 Nf6 3. Nf3 Nc6 4. e3 d5 5. cxd5 Nxd5 6. Bb5 Nxc3 7. bxc3 Bd6 8. O-O e4 9. Nd4 O-O 10. Nxc6 bxc6 11. Be2 Re8 12. f4 exf3 13. Bxf3 Ba6 14. Rf2 Rb8 15. d4 c5 16. g3 cxd4 17. cxd4 c5 *

[Event "VIII Lorca Open-A 2019"]
[Site "Lorca"]
[Date "2019.12.29"]
[Round "6.13"]
[White "Real De Azua, Ernesto"]
[Black "Arias Igual, Alejandro"]
[Result "0-1"]
[ECO "A28"]
[WhiteElo "2450"]
[BlackElo "2208"]
[Annotator "ChessBase"]
[PlyCount "88"]
[EventDate "2019.12.26"]
[EventType "swiss"]
[EventCountry "ESP"]
[SourceTitle "playchess.com"]
[Source "ChessBase"]
[SourceQuality "1"]
[TimeControl "5400+30"]

1. c4 e5 2. Nc3 Nf6 3. Nf3 Nc6 4. e3 d5 5. cxd5 Nxd5 6. Bb5 Nxc3 7. bxc3 Bd6 8. O-O e4 9. Nd4 O-O 10. Nxc6 bxc6 11. Be2 Re8 12. f4 exf3 13. Bxf3 Ba6 14. Rf2 Rb8 15. d4 c5 16. g3 cxd4 17. cxd4 c5 18. Ba3 cxd4 19. Bxd6 dxe3 20. Bxb8 exf2+ 21. Kxf2 Qb6+ 22. Kg2 Qb2+ 23. Kg1 Rxb8 24. Rc1 Qb6+ 25. Kg2 Bb7 26. Rc2 g6 27. Bxb7 Qxb7+ 28. Qf3 Kg7 29. Qxb7 Rxb7 30. Kf3 h5 31. Rd2 Rb4 32. Rc2 Ra4 33. Rb2 h4 34. Rc2 hxg3 35. hxg3 f5 36. Kg2 Ra3 37. Rd2 g5 38. Rc2 a5 39. Rb2 a4 40. Kf2 Kg6 41. Kg2 Kh5 42. Rc2 Kg4 43. Rc4+ f4 44. gxf4 Rxa2+ 0-1

[Event "VIII Lorca Open-A 2019"]
[Site "Lorca"]
[Date "2019.12.29"]
[Round "6.14"]
[White "Peng, Li Min"]
[Black "Alonso Garcia, Aaron"]
[Result "1/2-1/2"]
[ECO "B48"]
[WhiteElo "2451"]
[BlackElo "2258"]
[Annotator "ChessBase"]
[PlyCount "49"]
[EventDate "2019.12.26"]
[EventType "swiss"]
[EventCountry "ESP"]
[SourceTitle "playchess.com"]
[Source "ChessBase"]
[SourceQuality "1"]
[TimeControl "5400+30"]

1. e4 c5 2. Nf3 e6 3. d4 cxd4 4. Nxd4 Nc6 5. Nc3 Qc7 6. Be3 a6 7. Qf3 Nf6 8. O-O-O Bb4 9. Nxc6 bxc6 10. Bd4 Be7 11. e5 Nd5 12. Ne4 c5 13. Nd6+ Bxd6 14. exd6 Qxd6 15. Bxg7 Rg8 16. Bh6 Rb8 17. g3 Qb6 18. b3 Bb7 19. Bd3 Qb4 20. Rhe1 Qa3+ 21. Kd2 Qa5+ 22. Kc1 Qxa2 23. Be4 Nb4 24. Rxd7 Nd5 25. Bd3 1/2-1/2

[Event "VIII Lorca Open-A 2019"]
[Site "Lorca"]
[Date "2019.12.29"]
[Round "6.14"]
[White "Real De Azua, Ernesto"]
[Black "Arias Igual, Alejandro"]
[Result "*"]
[ECO "B48"]
[WhiteElo "2450"]
[BlackElo "2208"]
[Annotator "ChessBase"]
[PlyCount "39"]
[EventDate "2019.12.26"]
[EventType "swiss"]
[EventCountry "ESP"]
[SourceTitle "playchess.com"]
[Source "ChessBase"]
[SourceQuality "1"]
[TimeControl "5400+30"]

1. e4 c5 2. Nf3 e6 3. d4 cxd4 4. Nxd4 Nc6 5. Nc3 Qc7 6. Be3 a6 7. Qf3 Nf6 8. O-O-O Bb4 9. Nxc6 bxc6 10. Bd4 Be7 11. e5 Nd5 12. Ne4 c5 13. Nd6+ Bxd6 14. exd6 Qxd6 15. Bxg7 Rg8 16. Bh6 Rb8 17. g3 Qb6 18. b3 Bb7 19. Bd3 Qb4 20. Rhe1 *

[Event "VIII Lorca Open-A 2019"]
[Site "Lorca"]
[Date "2019.12.29"]
[Round "6.15"]
[White "Raja Harshit"]
[Black "Ajay Karthikeyan"]
[Result "1/2-1/2"]
[ECO "E60"]
[WhiteElo "2447"]
[BlackElo "2203"]
[Annotator "ChessBase"]
[PlyCount "39"]
[EventDate "2019.12.26"]
[EventType "swiss"]
[EventCountry "ESP"]
[SourceTitle "playchess.com"]
[Source "ChessBase"]
[SourceQuality "1"]
[TimeControl "5400+30"]

1. d4 Nf6 2. Nf3 g6 3. g3 c5 4. Bg2 Bg7 5. O-O O-O 6. c4 d6 7. dxc5 dxc5 8. Ne5 Qc7 9. Nd3 Bf5 10. Nc3 Rd8 11. e4 Bg4 12. f3 Be6 13. Bf4 Qb6 14. b3 Nh5 15. Qc2 Nxf4 16. Nxf4 Nc6 17. Na4 Qa5 18. Nxe6 fxe6 19. Rad1 Qb6 20. Nc3 1/2-1/2

[Event "VIII Lorca Open-A 2019"]
[Site "Lorca"]
[Date "2019.12.29"]
[Round "7.3"]
[White "Marin, Mihail"]
[Black "Sivuk, Vitaly"]
[Result "1-0"]
[ECO "D78"]
[WhiteElo "2496"]
[BlackElo "2588"]
[Annotator "ChessBase"]
[PlyCount "69"]
[EventDate "2019.12.26"]
[EventType "swiss"]
[EventCountry "ESP"]
[SourceTitle "playchess.com"]
[Source "ChessBase"]
[SourceQuality "1"]
[TimeControl "5400+30"]

1. c4 e6 2. g3 d5 3. Bg2 g6 4. Qb3 c6 5. d4 Bg7 6. Nf3 Nf6 7. O-O O-O 8. Nc3 b6 9. Rd1 Bb7 10. Ne5 Nfd7 11. Bf4 Nxe5 12. Bxe5 f6 13. Bf4 g5 14. Bxb8 Rxb8 15. cxd5 cxd5 16. e4 f5 17. exd5 exd5 18. Bxd5+ Kh8 19. Be6 Bf3 20. Rd3 g4 21. Bd5 f4 22. Bxf3 gxf3 23. Ne4 Rb7 24. Nd2 Bf6 25. Nxf3 Rg7 26. Re1 h5 27. Re4 fxg3 28. hxg3 Qc8 29. Kg2 Qf5 30. Qe6 Qg6 31. Rde3 Qh7 32. Qd6 Rgf7 33. Re8 Qg7 34. R3e4 Qh6 35. Ne5 1-0

[Event "VIII Lorca Open-A 2019"]
[Site "Lorca"]
[Date "2019.12.29"]
[Round "7.5"]
[White "Guerra Rivera, Salvador"]
[Black "Harutyunian, Tigran K."]
[Result "0-1"]
[ECO "C29"]
[WhiteElo "2314"]
[BlackElo "2540"]
[Annotator "ChessBase"]
[PlyCount "72"]
[EventDate "2019.12.26"]
[EventType "swiss"]
[EventCountry "ESP"]
[SourceTitle "playchess.com"]
[Source "ChessBase"]
[SourceQuality "1"]
[TimeControl "5400+30"]

1. e4 e5 2. Nc3 Nf6 3. f4 d5 4. fxe5 Nxe4 5. Qf3 Nxc3 6. dxc3 Qh4+ 7. g3 Qe4+ 8. Qxe4 dxe4 9. Bg2 Bf5 10. Ne2 Nd7 11. Bf4 c5 12. O-O Be7 13. Rae1 Be6 14. Bxe4 O-O-O 15. g4 Bxg4 16. Bg3 Rhf8 17. Nf4 Nxe5 18. Bxb7+ Kxb7 19. Rxe5 Rd7 20. Rfe1 Bd6 21. Rg5 Bxf4 22. Bxf4 f5 23. Kg2 Rf6 24. Be5 Re6 25. Bg3 Rxe1 26. Bxe1 g6 27. h3 Rd6 28. hxg4 h6 29. Rxf5 gxf5 30. gxf5 Rf6 31. Bd2 h5 32. Be3 Rxf5 33. c4 Kc6 34. c3 a5 35. b3 h4 36. Bg1 h3+ 0-1

[Event "VIII Lorca Open-A 2019"]
[Site "Lorca"]
[Date "2019.12.29"]
[Round "7.6"]
[White "Krysa, Leandro"]
[Black "Merario Alarcon, Andres"]
[Result "1-0"]
[ECO "E75"]
[WhiteElo "2527"]
[BlackElo "2417"]
[Annotator "ChessBase"]
[PlyCount "43"]
[EventDate "2019.12.26"]
[EventType "swiss"]
[EventCountry "ESP"]
[SourceTitle "playchess.com"]
[Source "ChessBase"]
[SourceQuality "1"]
[TimeControl "5400+30"]

1. c4 Nf6 2. d4 g6 3. Nc3 Bg7 4. e4 d6 5. Be2 O-O 6. Bg5 c5 7. d5 e6 8. Qd2 exd5 9. exd5 Qb6 10. Nf3 Bf5 11. Nh4 Ne4 12. Nxe4 Bxe4 13. f3 h6 14. Bxh6 Bxh6 15. Qxh6 Qxb2 16. O-O Bc2 17. Rac1 Nd7 18. Rf2 Ba4 19. Bd1 Qa3 20. Bxa4 Qxa4 21. f4 Nf6 22. Nf5 1-0

[Event "VIII Lorca Open-A 2019"]
[Site "Lorca"]
[Date "2019.12.29"]
[Round "7.7"]
[White "Arias Igual, Alejandro"]
[Black "Klekowski, Maciej"]
[Result "0-1"]
[ECO "E17"]
[WhiteElo "2208"]
[BlackElo "2514"]
[Annotator "ChessBase"]
[PlyCount "80"]
[EventDate "2019.12.26"]
[EventType "swiss"]
[EventCountry "ESP"]
[SourceTitle "playchess.com"]
[Source "ChessBase"]
[SourceQuality "1"]
[TimeControl "5400+30"]

1. Nf3 Nf6 2. c4 e6 3. g3 b6 4. Bg2 Bb7 5. O-O Be7 6. b3 O-O 7. Bb2 d5 8. d4 dxc4 9. bxc4 c5 10. e3 Qc8 11. Nbd2 Ne4 12. d5 exd5 13. cxd5 Bxd5 14. Ne5 Nf6 15. e4 Bb7 16. Nec4 Rd8 17. e5 Ne8 18. Bxb7 Qxb7 19. Qe2 Nc6 20. e6 Bf6 21. Ne4 Bxb2 22. Qxb2 Nd4 23. Nxc5 Qd5 24. exf7+ Kxf7 25. Ne3 Qxc5 26. Rac1 Qe5 27. Kh1 Rac8 28. Rce1 Nf3 29. Qxe5 Nxe5 30. Re2 Nc4 31. Nxc4 Rxc4 32. Rfe1 Rc7 33. Kg2 Nf6 34. h3 h5 35. f3 Rcd7 36. g4 Rd2 37. Kg3 Rxe2 38. Rxe2 Rd5 39. h4 hxg4 40. fxg4 Rd3+ 0-1

[Event "VIII Lorca Open-A 2019"]
[Site "Lorca"]
[Date "2019.12.29"]
[Round "7.8"]
[White "Godbole, Atharva"]
[Black "Sadzikowski, Daniel"]
[Result "0-1"]
[ECO "C91"]
[WhiteElo "2148"]
[BlackElo "2504"]
[Annotator "RC"]
[PlyCount "58"]
[EventDate "2019.12.26"]
[EventType "swiss"]
[EventCountry "ESP"]
[SourceTitle "playchess.com"]
[Source "ChessBase"]
[SourceQuality "1"]
[TimeControl "5400+30"]

1. e4 e5 2. Nf3 Nc6 3. Bb5 a6 4. Ba4 Nf6 5. O-O Be7 6. Re1 b5 7. Bb3 d6 8. c3 O-O 9. d4 Bg4 10. d5 Na5 11. Bc2 Qc8 12. h3 Bd7 13. Nbd2 c6 14. dxc6 Qxc6 15. Nf1 Rfc8 16. Ng3 Rab8 17. a3 g6 18. Bg5 Qc7 19. Nh4 Qd8 20. Qf3 Ne8 21. Bxe7 Qxe7 22. Nhf5 gxf5 23. exf5 Nf6 24. Nh5 Nxh5 25. Qxh5 f6 26. Re3 Kh8 27. g4 Rg8 28. Rg3 Rg5 29. Qh4 Bc6 0-1

[Event "VIII Lorca Open-A 2019"]
[Site "Lorca"]
[Date "2019.12.29"]
[Round "7.9"]
[White "Plazuelo Pascual, Juan"]
[Black "Pogorelov, Ruslan"]
[Result "1/2-1/2"]
[ECO "E32"]
[WhiteElo "2433"]
[BlackElo "2377"]
[Annotator "NA"]
[PlyCount "51"]
[EventDate "2019.12.26"]
[EventType "swiss"]
[EventCountry "ESP"]
[SourceTitle "playchess.com"]
[Source "ChessBase"]
[SourceQuality "1"]
[TimeControl "5400+30"]

1. d4 Nf6 2. c4 e6 3. Nc3 Bb4 4. Qc2 O-O 5. e4 d5 6. e5 Ne4 7. Bd3 c5 8. Nge2 cxd4 9. Nxd4 dxc4 10. Bxe4 Qxd4 11. Bf4 f5 12. exf6 Qxf6 13. Bxh7+ Kh8 14. Be3 Nc6 15. O-O Bxc3 16. bxc3 e5 17. Rab1 b6 18. Be4 Bf5 19. Rfd1 g6 20. Bxf5 Qxf5 21. Qe2 Rac8 22. Qxc4 Nd4 23. Qf1 Nc2 24. Qd3 Qxd3 25. Rxd3 e4 26. Rd6 1/2-1/2

[Event "VIII Lorca Open-A 2019"]
[Site "Lorca"]
[Date "2019.12.29"]
[Round "7.10"]
[White "Lopez Martinez, Josep Manuel"]
[Black "Barbero Sendic, Alejandro"]
[Result "1-0"]
[ECO "E90"]
[WhiteElo "2561"]
[BlackElo "2336"]
[Annotator "ChessBase"]
[PlyCount "63"]
[EventDate "2019.12.26"]
[EventType "swiss"]
[EventCountry "ESP"]
[SourceTitle "playchess.com"]
[Source "ChessBase"]
[SourceQuality "1"]
[TimeControl "5400+30"]

1. d4 Nf6 2. c4 e6 3. Nf3 c5 4. d5 d6 5. Nc3 g6 6. e4 Bg7 7. h3 O-O 8. Be3 Re8 9. Bd3 Na6 10. O-O Nc7 11. a4 e5 12. Qd2 Na6 13. Rae1 Nh5 14. g4 Nf4 15. Bxf4 exf4 16. Qxf4 Nb4 17. Bb1 Re5 18. Qg3 g5 19. Nxe5 Bxe5 20. f4 gxf4 21. Rxf4 Qg5 22. Ref1 h5 23. h4 Qg7 24. g5 Bg4 25. Kg2 Rf8 26. Qe3 f6 27. Rf5 Kh7 28. Kh1 Bxf5 29. exf5 Kg8 30. Ne4 Bd4 31. Qf3 fxg5 32. hxg5 1-0

[Event "VIII Lorca Open-A 2019"]
[Site "Lorca"]
[Date "2019.12.29"]
[Round "7.11"]
[White "Espineira Gonzalez, Diego"]
[Black "Sosa, Tomas"]
[Result "0-1"]
[ECO "C84"]
[WhiteElo "2331"]
[BlackElo "2520"]
[Annotator "ChessBase"]
[PlyCount "74"]
[EventDate "2019.12.26"]
[EventType "swiss"]
[EventCountry "ESP"]
[SourceTitle "playchess.com"]
[Source "ChessBase"]
[SourceQuality "1"]
[TimeControl "5400+30"]

1. e4 e5 2. Nf3 Nc6 3. Bb5 a6 4. Ba4 Nf6 5. O-O Be7 6. d3 d6 7. c3 O-O 8. Re1 b5 9. Bc2 Re8 10. h3 Bf8 11. Bg5 h6 12. Bh4 g6 13. a4 Rb8 14. axb5 axb5 15. Nbd2 Bg7 16. Nf1 Bb7 17. Ne3 Qd7 18. Qd2 Kh7 19. b4 Ra8 20. Bb3 Rxa1 21. Rxa1 Nh5 22. c4 Nd4 23. Bd1 bxc4 24. Nxc4 Nxf3+ 25. Bxf3 Nf4 26. Ra7 Rb8 27. d4 Qb5 28. dxe5 Qxc4 29. Qxf4 Bxe5 30. Be2 Qb3 31. Qc1 Bxe4 32. Qxc7 Rxb4 33. Bg3 Bxg3 34. fxg3 Qe3+ 35. Kh2 Bd5 36. Qxd6 Rb1 37. g4 Qg1+ 0-1

[Event "VIII Lorca Open-A 2019"]
[Site "Lorca"]
[Date "2019.12.29"]
[Round "7.12"]
[White "Holm, Kristian Stuvik"]
[Black "Camarena Jimenez, Rufino"]
[Result "1/2-1/2"]
[ECO "E68"]
[WhiteElo "2489"]
[BlackElo "2317"]
[Annotator "ChessBase"]
[PlyCount "45"]
[EventDate "2019.12.26"]
[EventType "swiss"]
[EventCountry "ESP"]
[SourceTitle "playchess.com"]
[Source "ChessBase"]
[SourceQuality "1"]
[TimeControl "5400+30"]

1. d4 Nf6 2. c4 g6 3. g3 Bg7 4. Bg2 O-O 5. Nc3 d6 6. Nf3 Nbd7 7. O-O e5 8. e4 Re8 9. Be3 exd4 10. Nxd4 Nc5 11. f3 a5 12. b3 c6 13. Qd2 Nfd7 14. Rad1 Qe7 15. Nde2 Bf8 16. Rfe1 Ne5 17. Nc1 h5 18. Qf2 Bg7 19. Qd2 Qf6 20. f4 Nxc4 21. e5 dxe5 22. bxc4 exf4 23. Bxc5 1/2-1/2

[Event "VIII Lorca Open-A 2019"]
[Site "Lorca"]
[Date "2019.12.29"]
[Round "7.13"]
[White "Gascon Del Nogal, Jose Rafael"]
[Black "Kiselev, Pavel"]
[Result "1/2-1/2"]
[ECO "B84"]
[WhiteElo "2475"]
[BlackElo "2303"]
[Annotator "ChessBase"]
[PlyCount "102"]
[EventDate "2019.12.26"]
[EventType "swiss"]
[EventCountry "ESP"]
[SourceTitle "playchess.com"]
[Source "ChessBase"]
[SourceQuality "1"]
[TimeControl "5400+30"]

1. e4 c5 2. Nf3 e6 3. d4 cxd4 4. Nxd4 Nc6 5. Nc3 Qc7 6. Be3 Nf6 7. f4 d6 8. Be2 Be7 9. Qd2 a6 10. O-O-O O-O 11. g4 Nxd4 12. Bxd4 e5 13. Bf2 b5 14. g5 b4 15. gxf6 bxc3 16. Qxc3 Qxc3 17. bxc3 Bxf6 18. Rxd6 Be7 19. fxe5 Bb7 20. Bd3 Bxd6 21. exd6 Rfd8 22. Bg3 f5 23. Re1 Bxe4 24. Bxe4 fxe4 25. Rxe4 Rac8 26. Re7 Rc6 27. c4 Kf8 28. Be5 Rdxd6 29. Bxd6 Rxd6 30. Re4 Kf7 31. Kb2 Re6 32. Rd4 Ke7 33. Kc3 Rd6 34. c5 Rxd4 35. Kxd4 Ke6 36. Ke4 a5 37. c6 Kd6 38. Kf5 Kxc6 39. Ke6 h5 40. Kf7 Kb5 41. Kxg7 Kb4 42. Kg6 a4 43. Kxh5 a3 44. h4 Kc3 45. Kg4 Kxc2 46. h5 Kb1 47. h6 Kxa2 48. h7 Kb1 49. h8=B a2 50. Kf3 a1=N 51. Bxa1 Kxa1 1/2-1/2

[Event "VIII Lorca Open-A 2019"]
[Site "Lorca"]
[Date "2019.12.29"]
[Round "7.14"]
[White "Rodriguez Melendez, Juan Humbert"]
[Black "Peng, Li Min"]
[Result "1/2-1/2"]
[ECO "E01"]
[WhiteElo "2242"]
[BlackElo "2451"]
[Annotator "ChessBase"]
[PlyCount "86"]
[EventDate "2019.12.26"]
[EventType "swiss"]
[EventCountry "ESP"]
[SourceTitle "playchess.com"]
[Source "ChessBase"]
[SourceQuality "1"]
[TimeControl "5400+30"]

1. d4 Nf6 2. c4 e6 3. g3 c5 4. Nf3 cxd4 5. Nxd4 d5 6. Bg2 e5 7. Nf3 d4 8. O-O Nc6 9. e3 Be7 10. exd4 exd4 11. Nbd2 O-O 12. Nb3 Be6 13. Nfxd4 Bxc4 14. Re1 Bb4 15. Bd2 Qb6 16. Nxc6 bxc6 17. Bxb4 Qxb4 18. Qd2 Rab8 19. Qxb4 Rxb4 20. Na5 Be6 21. b3 c5 22. Nc6 Rb6 23. Rec1 c4 24. bxc4 Rb2 25. h3 Nd7 26. c5 f6 27. Nxa7 Ne5 28. Rc3 Rf7 29. Nc6 Nxc6 30. Bxc6 Rc7 31. Bg2 Rxa2 32. Rxa2 Bxa2 33. Kf1 Kf7 34. Ke2 Ke6 35. h4 h6 36. Kd2 g5 37. hxg5 hxg5 38. Kc2 Ke5 39. Kb2 Bd5 40. Bxd5 Kxd5 41. Rf3 Ke6 42. Rc3 Kd5 43. Rf3 Ke5 1/2-1/2

[Event "VIII Lorca Open-A 2019"]
[Site "Lorca"]
[Date "2019.12.29"]
[Round "7.15"]
[White "Hernandez Leon, Alberto"]
[Black "Raja Harshit"]
[Result "0-1"]
[ECO "E03"]
[WhiteElo "2277"]
[BlackElo "2447"]
[Annotator "NA"]
[PlyCount "38"]
[EventDate "2019.12.26"]
[EventType "swiss"]
[EventCountry "ESP"]
[SourceTitle "playchess.com"]
[Source "ChessBase"]
[SourceQuality "1"]
[TimeControl "5400+30"]

1. d4 Nf6 2. c4 e6 3. Nf3 d5 4. g3 Be7 5. Bg2 O-O 6. O-O dxc4 7. Qc2 b6 8. Qxc4 Bb7 9. Nc3 c5 10. Rd1 Nbd7 11. Bg5 Rc8 12. Rac1 Qe8 13. Ne5 Bxg2 14. Kxg2 cxd4 15. Qxd4 Bc5 16. Qf4 Nxe5 17. Qxe5 Ng4 18. Qf4 Nxf2 19. Rf1 f6 0-1

[Event "VIII Lorca Open-A 2019"]
[Site "Lorca"]
[Date "2019.12.29"]
[Round "7.16"]
[White "Alonso Garcia, Aaron"]
[Black "Plaskett, H James"]
[Result "0-1"]
[ECO "B42"]
[WhiteElo "2258"]
[BlackElo "2419"]
[Annotator "ChessBase"]
[PlyCount "50"]
[EventDate "2019.12.26"]
[EventType "swiss"]
[EventCountry "ESP"]
[SourceTitle "playchess.com"]
[Source "ChessBase"]
[SourceQuality "1"]
[TimeControl "5400+30"]

1. e4 c5 2. Nf3 e6 3. d4 cxd4 4. Nxd4 Nf6 5. Bd3 d6 6. O-O a6 7. c4 g6 8. Nc3 Bg7 9. Be3 O-O 10. h3 b6 11. f4 Bb7 12. Rc1 Nbd7 13. b4 Rc8 14. Nb3 Rc7 15. Qe2 Nh5 16. Qf2 b5 17. cxb5 Rxc3 18. bxa6 Rxd3 19. axb7 Rxb3 20. Rc8 Rxb4 21. Rxd8 Rxd8 22. Qd2 Rxb7 23. Rc1 Bf8 24. Qd4 Rbb8 25. Qd2 Nhf6 0-1

[Event "VIII Lorca Open-A 2019"]
[Site "Lorca"]
[Date "2019.12.30"]
[Round "8.1"]
[White "Bernadskiy, Vitaliy"]
[Black "Marin, Mihail"]
[Result "1/2-1/2"]
[ECO "C83"]
[WhiteElo "2593"]
[BlackElo "2496"]
[Annotator "ChessBase"]
[PlyCount "77"]
[EventDate "2019.12.26"]
[EventType "swiss"]
[EventCountry "ESP"]
[SourceTitle "playchess.com"]
[Source "ChessBase"]
[SourceQuality "1"]
[TimeControl "5400+30"]

1. e4 e5 2. Nf3 Nc6 3. Bb5 a6 4. Ba4 Nf6 5. O-O Nxe4 6. d4 b5 7. Bb3 d5 8. dxe5 Be6 9. Nbd2 Nc5 10. c3 Be7 11. Bc2 Bg4 12. h3 Bh5 13. Re1 Qd7 14. Nb3 Ne6 15. g4 Bg6 16. Bf5 Ncd8 17. Be3 a5 18. Qc2 a4 19. Nbd4 c5 20. Nxe6 Nxe6 21. h4 Qc6 22. Bg5 d4 23. Re4 h5 24. Bxg6 fxg6 25. Bxe7 Kxe7 26. cxd4 hxg4 27. d5 Qxd5 28. Rd1 Qb7 29. Ng5 Nxg5 30. hxg5 c4 31. Qe2 g3 32. fxg3 Qb6+ 33. Kg2 Raf8 34. Rdd4 Rd8 35. Rd6 Rxd6 36. exd6+ Kd8 37. Qf3 Qxd6 38. Re1 Kc7 39. Qf7+ 1/2-1/2

[Event "VIII Lorca Open-A 2019"]
[Site "Lorca"]
[Date "2019.12.30"]
[Round "8.2"]
[White "Grigoryan, Karen H."]
[Black "Krysa, Leandro"]
[Result "1/2-1/2"]
[ECO "D31"]
[WhiteElo "2621"]
[BlackElo "2527"]
[Annotator "ChessBase"]
[PlyCount "100"]
[EventDate "2019.12.26"]
[EventType "swiss"]
[EventCountry "ESP"]
[SourceTitle "playchess.com"]
[Source "ChessBase"]
[SourceQuality "1"]
[TimeControl "5400+30"]

1. c4 e6 2. d4 d5 3. Nc3 c6 4. e4 dxe4 5. Nxe4 Bb4+ 6. Bd2 Qxd4 7. Bxb4 Qxe4+ 8. Be2 a5 9. Bc3 Ne7 10. Nf3 O-O 11. O-O f6 12. Nd2 Qf4 13. Qb3 Qc7 14. Ne4 c5 15. Rad1 Nf5 16. Bf3 e5 17. Qa3 Nd4 18. Qxc5 Nxf3+ 19. gxf3 Qxc5 20. Nxc5 Na6 21. Nd7 Bxd7 22. Rxd7 Nc5 23. Rd5 Na4 24. Rc1 Rfd8 25. Rb5 b6 26. b3 Nxc3 27. Rxc3 a4 28. b4 Rd6 29. c5 bxc5 30. Rcxc5 a3 31. Rb7 Rd2 32. Rcc7 Rxa2 33. Rxg7+ Kh8 34. Rxh7+ Kg8 35. Rbg7+ Kf8 36. Ra7 Kg8 37. Rhb7 Rxa7 38. Rxa7 Ra1+ 39. Kg2 a2 40. b5 Rb1 41. Rxa2 Rxb5 42. Ra7 Rb4 43. Kg3 Rf4 44. h4 Kh8 45. Ra3 Kg7 46. Re3 Ra4 47. Re4 Ra2 48. Rg4+ Kh6 49. f4 Ra3+ 50. Kg2 Ra4 1/2-1/2

[Event "VIII Lorca Open-A 2019"]
[Site "Lorca"]
[Date "2019.12.30"]
[Round "8.3"]
[White "Harutyunian, Tigran K."]
[Black "Villanueva, Mario"]
[Result "1-0"]
[ECO "E16"]
[WhiteElo "2540"]
[BlackElo "2486"]
[Annotator "ChessBase"]
[PlyCount "53"]
[EventDate "2019.12.26"]
[EventType "swiss"]
[EventCountry "ESP"]
[SourceTitle "playchess.com"]
[Source "ChessBase"]
[SourceQuality "1"]
[TimeControl "5400+30"]

1. d4 e6 2. Nf3 Nf6 3. c4 b6 4. g3 Bb7 5. Bg2 Bb4+ 6. Bd2 a5 7. O-O O-O 8. Nc3 d6 9. Rc1 Bxc3 10. Bxc3 Be4 11. Re1 Nbd7 12. Bf1 h6 13. Nd2 Bg6 14. Bg2 d5 15. Qa4 c5 16. cxd5 exd5 17. dxc5 Nxc5 18. Qf4 Nfe4 19. Nxe4 Bxe4 20. f3 Bg6 21. Rcd1 Ra7 22. Qd4 f6 23. e4 Rd7 24. exd5 Re8 25. Rxe8+ Bxe8 26. Bxa5 Bf7 27. Qxc5 1-0

[Event "VIII Lorca Open-A 2019"]
[Site "Lorca"]
[Date "2019.12.30"]
[Round "8.4"]
[White "Klekowski, Maciej"]
[Black "Narciso Dublan, Marc"]
[Result "1/2-1/2"]
[ECO "D94"]
[WhiteElo "2514"]
[BlackElo "2516"]
[Annotator "ChessBase"]
[PlyCount "36"]
[EventDate "2019.12.26"]
[EventType "swiss"]
[EventCountry "ESP"]
[SourceTitle "playchess.com"]
[Source "ChessBase"]
[SourceQuality "1"]
[TimeControl "5400+30"]

1. d4 d5 2. c4 c6 3. Nf3 Nf6 4. e3 g6 5. Nc3 Bg7 6. Bd3 O-O 7. O-O Bg4 8. h3 Bxf3 9. Qxf3 e6 10. Rd1 Nbd7 11. e4 e5 12. dxe5 Nxe5 13. Qe2 d4 14. Bc2 Nfd7 15. Na4 Qa5 16. Bd2 Qa6 17. b3 Rfe8 18. Rac1 Rad8 1/2-1/2